 Dungeon Crawl Stone Soup version 0.31.0-11-ge490571c62 (webtiles) character file.

Game seed: 15090828699439884836

676 ardi the Conjurer (level 7, -6/36 HPs)
             Began as a Deep Elf Conjurer on Jan 26, 2024.
             Mangled by a troll (8 damage)
             ... on level 5 of the Dungeon.
             The game lasted 00:36:31 (4452 turns).

ardi the Conjurer (Deep Elf Conjurer)               Turns: 4452, Time: 00:36:32

Health: -6/36      AC:  4    Str:  4    XL:     7   Next: 33%
Magic:  3/18       EV: 13    Int: 25    God:
Gold:   219        SH:  0    Dex: 13    Spells: 12/18 levels left

rFire   . . .        j - +0 dagger (spect)
rCold   . . .        t - orb {*channel}
rNeg    . . .        a - +1 robe
rPois   .            (no helmet)
rElec   .            s - scarf {harm}
rCorr   .            g - +0 pair of gloves
SInv    .            (no boots)
Will    .....        (no amulet)
Stlth   ++           (no ring)
HPRegen 0.26/turn    (no ring)
MPRegen 0.16/turn

%: harm (+30% outgoing, +20% incoming), channel magic (20%)
@: no status effects
A: no striking features
a: no special abilities


You were on level 5 of the Dungeon.
You visited 1 branch of the dungeon, and saw 5 of its levels.

You collected 219 gold pieces.

Inventory:

Hand Weapons
 j - a +0 spectral dagger (weapon)
Armour
 a - a +1 robe (worn)
 g - a +0 pair of gloves (worn)
 k - a +0 buckler
 s - a scarf of harm (worn)
 t - an orb of energy (worn)
Talismans
 h - a beast talisman
Wands
 m - a wand of charming (9)
 p - a wand of mindburst (14)
Scrolls
 n - 2 scrolls of brand weapon
 o - a scroll of teleportation
 q - 2 scrolls of identify
 r - a scroll of fog
Potions
 b - a potion of magic
 c - a potion of invisibility
 d - a potion of attraction
 e - a potion of resistance
 f - a potion of might
 i - 2 potions of lignification
 l - 2 potions of brilliance


   Skills:
 + Level 0.2 Fighting
 + Level 3.3 Dodging
 + Level 3.8 Stealth
 + Level 6.3 Spellcasting
 + Level 6.9 Conjurations
 * Level 3.5 Summonings
 + Level 0.4 Earth Magic


You had 12 spell levels left.
You knew the following spells:

 Your Spells              Type           Power      Damage    Failure   Level
a - Magic Dart            Conj           100%       1d8       3%          1
b - Searing Ray           Conj           84%        2d7       4%          2
c - Passwall              Erth           10%        N/A       38%         3

Your spell library contained the following spells:

 Spells                   Type           Power      Damage    Failure   Level
 Ensorcelled Hibernation  Hex/Ice        14%        N/A       26%         2
 Fulminant Prism          Conj/Alch      12%        3d9       36%         4
 Iskenderun's Mystic Bla  Conj/Tloc      25%        2d7       36%         4
 Swiftness                Air            7%         N/A       43%         3
 Manifold Assault         Tloc           7%         N/A       78%         4
 Freezing Cloud           Conj/Ice/Air   9%         6-21      80%         5


Dungeon Overview and Level Annotations

Branches:
Dungeon (5/15)
 Temple: D:4-7

Altars:
Cheibriados
Elyvilon
Fedhas
Ru


Message History

The howler monkey is severely wounded.
The howler monkey hoots and howls with incredible vigour!
You hear a shout! x4; You hear a bark!
You hear an angry hiss.
The searing ray hits the howler monkey!
You kill the howler monkey!
A hound comes into view.
A troll comes into view.
A shadow comes into view.
You see here a brown potion.
The troll shouts!
Things that are here:
a +0 falchion; a +0 ring mail An orc comes into view.
It is wielding a +0 hand axe. 2 orcs come into view.
Aiming: Searing Ray (safe; 4% risk of failure)
Press: ? - help, Q - select action, (/) - cycle Shift-Dir - straight line, f - hound
Aim: a hound (75% to hit)
The searing ray hits the hound.
The hound is heavily wounded. (Press . to maintain the ray.)
The hound closely misses you.
The searing ray hits the hound!
You kill the hound!
An orc priest comes into view. It is wielding a +0 hand axe.
Aiming: Searing Ray (safe; 4% risk of failure)
Press: ? - help, Q - select action, (/) - cycle Shift-Dir - straight line, f - troll
Aim: a troll (82% to hit)
The searing ray hits the troll!
The troll is heavily wounded. (Press . to maintain the ray.) Magical energy flows into your mind!
The troll bites you! The troll completely misses you. The troll misses you.
The searing ray hits the troll!
The troll is severely wounded.
The troll bites you!
Ouch! That really hurt!
* * * LOW HITPOINT WARNING * * *
The troll closely misses you. x2
The searing ray hits the troll.
The troll is almost dead.
The troll closely misses you. The troll claws you!
You die...

#. .. ... ..
o.###.#####.### #.#
........#..T..#....
oo..#.#.....#...#
#..#...!!?..[.#
#....#.....#.... #
#.#=o#.....# #
##.##.##T###.###.#
.......@...).....#
#..##.....).###.##
.###.....).# #
[......)...#
.####......#
###.##.# #.##...
#.####.# #.# #..


You could see a troll and an orc.

Vanquished Creatures
  A phantom (D:4)
  2 scorpions (D:4)
  A howler monkey (D:5)
  A bombardier beetle (D:3)
  3 orc priests
  Crazy Yiuf (D:2)
  3 hounds
  An iguana (D:4)
  6 adders
  2 ufetubi (D:4)
  2 dart slugs
  3 ribbon worms
  12 orcs
  11 ball pythons
  3 endoplasms
  4 giant cockroaches
  13 goblins
  4 hobgoblins
  7 jackals
  4 quokkas
  3 bats
  4 frilled lizards
  6 kobolds
  4 rats
101 creatures vanquished.

Notes
Turn   | Place    | Note
-------+----------+-------------------------------------------
     0 | D:1      | ardi the Deep Elf Conjurer began the quest for the Orb.
     0 | D:1      | Reached XP level 1. HP: 10/10 MP: 6/6
     1 | D:1      | Got Tek Pula's Book of the Blink Frog and Conduction
   252 | D:1      | Reached XP level 2. HP: 11/15 MP: 5/8
   308 | D:1      | Learned a level 2 spell: Searing Ray
   583 | D:1      | Found a faded altar of an unknown god.
   586 | D:1      | Reached skill level 5 in Conjurations
   949 | D:2      | Reached XP level 3. HP: 19/19 MP: 4/9
  1370 | D:2      | Reached skill level 1 in Summonings
  1857 | D:2      | Found a runed translucent door.
  1858 | D:2      | Noticed Crazy Yiuf
  1870 | D:2      | Killed Crazy Yiuf
  1871 | D:2      | Reached XP level 4. HP: 9/24 MP: 2/11
  2290 | D:3      | Found a snail-covered altar of Cheibriados.
  2353 | D:3      | Found a white marble altar of Elyvilon.
  2476 | D:3      | Reached XP level 5. HP: 28/28 MP: 5/13
  3062 | D:4      | Noticed a phantom
  3069 | D:4      | Killed a phantom
  3070 | D:4      | Reached XP level 6. HP: 32/32 MP: 2/15
  3084 | D:4      | Found a blossoming altar of Fedhas.
  3099 | D:4      | Found a sacrificial altar of Ru.
  3211 | D:4      | Reached skill level 5 in Spellcasting
  3871 | D:4      | Learned a level 3 spell: Passwall
  3977 | D:4      | Reached XP level 7. HP: 36/36 MP: 11/17
  4305 | D:5      | Entered Level 5 of the Dungeon
  4437 | D:5      | Noticed a troll
  4437 | D:5      | Noticed a shadow
  4452 | D:5      | Mangled by a troll

Illustrated notes

Levels and vault maps discovered:
D:1:      mrwooster_arrival_arrow, layout_basic,
          dilly_ecumenical_altar_fadedgnrine
D:2:      layout_loops_corners, uniq_crazy_yiuf_cottage
D:3:      layout_loops_ring, mainiacjoe_overflow_tiny_flanked,
          overflow_temple_1_default
D:4:      layout_rooms, grunt_temple_overflow_open, moated_statue,
          chequers_big_river, kennysheep_windowed_goal
D:5:      layout_loops_ring, mainiacjoe_overflow_small_starburst,
          minmay_temple_entry_mist, minmay_chambers_of_fives, uniq_duvessa

Skill      XL: |  1  2  3  4  5  6  7 |
---------------+----------------------+-----
Conjurations   | 5 6 |  6.9
Summonings     | 1 2 3 |  3.5
Dodging        | 3 |  3.3
Spellcasting   | 4 5 6 |  6.3
Stealth        | 3 |  3.8
Fighting       | |  0.2
Earth Magic    | |  0.4

Action                     |  1- 3 |  4- 6 |  7- 9 || total
---------------------------+-------+-------+-------++-------
  Melee: Spear             |     3 |       |       ||     3
         Unarmed           |     5 |       |       ||     5
         Dagger            |     1 |     9 |     2 ||    12
   Cast: Magic Dart        |    38 |    32 |     5 ||    75
         Searing Ray       |    21 |    30 |     9 ||    60
         Passwall          |       |     1 |       ||     1
    Use: Scroll            |     6 |     4 |     3 ||    13
 Armour: Robe              |    13 |    20 |     3 ||    36
  Dodge: Dodged            |    16 |    12 |     8 ||    36
  Block: Buckler           |       |     3 |     1 ||     4
